 Dungeon Crawl Stone Soup version 0.29.1-15-g9cfb28693d (webtiles) character file.

Game seed: 14968159048801558370

721 burchardtist the Ruffian (level 7, 0/70 HPs)
             Began as a Troll Fighter on Apr 2, 2023.
             Succumbed to a scorpion's poison
             ... on level 6 of the Dungeon.
             The game lasted 00:04:42 (2950 turns).

burchardtist the Ruffian (Troll Fighter)            Turns: 2950, Time: 00:04:42

Health: 0/70       AC:  5    Str: 25    XL:     7   Next: 42%
Magic:  6/6        EV:  8    Int:  6    God:
Gold:   188        SH:  8    Dex:  9    Spells: 6/6 levels left

rFire   . . .      SeeInvis .     - Unarmed
rCold   . . .      Faith    .   b - +0 kite shield
rNeg    . . .      Spirit   .   a - +0 robe
rPois   .          Reflect  .   (helmet restricted)
rElec   .          Harm     .   g - +0 cloak
rCorr   +          Rampage  .   (gloves unavailable)
Will    .....                   (boots unavailable)
Stlth   +.........              (no amulet)
HPRegen 1.01/turn               R - ring of resist corrosion
MPRegen 0.10/turn               (no ring)

@: lethally poisoned (0 -> -7), studying Armour
A: large, unfitting armour, claws 3, regeneration 1, shaggy fur 1, tough skin 1
a: no special abilities


You were on level 6 of the Dungeon.
You visited 1 branch of the dungeon, and saw 6 of its levels.

You collected 188 gold pieces.


Innate Abilities, Weirdness & Mutations

You are too large for most types of armour.
You have claws for hands.
Your natural rate of healing is unusually fast.
You are covered in fur. (AC +1)
You have tough skin. (AC +1)


   Skills:
 + Level 4.1 Fighting
 - Level 2.4 Dodging
 + Level 4.6 Shields
 * Level 6.1 Unarmed Combat


You had 6 spell levels left.
You didn't know any spells.
Your spell library contained the following spells:

 Spells                   Type           Power      Damage    Failure   Level
 Blink                    Tloc           0%         N/A       86%         2
 Gell's Gravitas          Tloc           0%         N/A       98%         3
 Teleport Other           Tloc           0%         N/A       98%         3
 Manifold Assault         Tloc           0%         N/A       100%        5
 Dispersal                Tloc           0%         N/A       100%        6
 Storm Form               Tmut/Air       0%         N/A       100%        7

Inventory:

Armour
 a - a +0 robe (worn)
 b - a +0 kite shield (worn)
 g - a +0 cloak (worn)
Jewellery
 C - a ring of ice
 R - a ring of resist corrosion (left claw)
Wands
 p - a wand of polymorph (5)
Scrolls
 e - 4 scrolls of identify {unknown}
 f - 3 scrolls of teleportation {unknown}
 i - a scroll of amnesia {unknown}
 j - a scroll of enchant weapon {unknown}
 k - a scroll of fear {unknown}
 q - a scroll of immolation {unknown}
 t - a scroll of noise {unknown}
Potions
 c - 2 potions of might
 d - 3 potions of degeneration {unknown}
 h - 3 potions of curing {unknown}
 l - 2 potions of flight {unknown}
 m - a potion of brilliance {unknown}
 n - a potion of heal wounds {unknown}
 o - a potion of attraction {unknown}
 r - a potion of mutation {unknown}
 s - a potion of haste {unknown}

Dungeon Overview and Level Annotations

Branches:
Dungeon (6/15)
 Temple: D:4-7

Altars:
Elyvilon

Annotations:
D:5 dokoncz, Menkaure

#### ....####...# ##..#
...........# ##<...
.).........# #...##
...........# ##..##
#.)........## ##..##
#..........#####..##
#...........#...##
#....@s)........#
#..............##
#..............#
#................## ###
......#########...####..
.....# ##........ ##.##
#.......# #. ##......#
....# ##.......


You could see a scorpion.


Message History

You kill the ogre!
The scorpion stings you but does no damage.
Your Unarmed Combat skill increases to level 6!
Found a spear.
The scorpion closely misses you.
You see here a +0 giant club.
Found a club.
You block the scorpion's attack. The scorpion stings you.
* * * LOW HITPOINT WARNING * * *
You are poisoned.
The scorpion poisons you!
You barely miss the scorpion.
You feel very sick. The scorpion stings you.
* * * LOW HITPOINT WARNING * * *
You are lethally poisoned!
The scorpion poisons you!
You claw the scorpion!
The scorpion is almost dead.
* * * LOW HITPOINT WARNING * * *
You feel very sick. The scorpion stings you.
* * * LOW HITPOINT WARNING * * *
You barely miss the scorpion.
The scorpion is almost dead.
* * * LOW HITPOINT WARNING * * *
You feel very sick.
The scorpion stings you but does no damage.
You closely miss the scorpion.
The scorpion is almost dead.
You die...

Skill      XL: |  1  2  3  4  5  6  7 |
---------------+----------------------+-----
Shields        | 3 4 |  4.6
Unarmed Combat | 3 4 5 6 |  6.1
Fighting       | 3 4 |  4.1
Dodging        | |  2.4

Action                   |  1- 3 |  4- 6 |  7- 9 || total
-------------------------+-------+-------+-------++-------
Melee: Unarmed           |   121 |    89 |    20 ||   230
 Stab: Sleeping          |     1 |       |       ||     1
Armor: Robe              |    39 |    22 |     4 ||    65
Dodge: Dodged            |    41 |    25 |     4 ||    70
Block: Kite shield       |    36 |    29 |     3 ||    68

Levels and vault maps discovered:
D:1:      dpeg_arrival_subterranean_lakeside_camping, layout_rooms
D:2:      layout_basic, shapermc_ecumenical_altar_hornbeckon
D:3:      kennysheep_big_flooded_room, layout_loops_ring,
          overflow_temple_1_default, minmay_strange_pillars
D:4:      layout_loops_cross, minmay_manual_moon
D:5:      layout_gridville, tso_oasis_becter, uniq_menkaure
D:6:      layout_layer_cave

Notes
Turn   | Place    | Note
-------+----------+-------------------------------------------
     0 | D:1      | burchardtist the Troll Fighter began the quest for the Orb.
     0 | D:1      | Reached XP level 1. HP: 22/22 MP: 0/0
   131 | D:1      | Reached XP level 2. HP: 29/29 MP: 1/1
   414 | D:1      | Reached skill level 3 in Shields
   423 | D:1      | Reached XP level 3. HP: 30/36 MP: 2/2
   548 | D:2      | Reached skill level 3 in Unarmed Combat
   816 | D:2      | Found a faded altar of an unknown god.
  1027 | D:3      | Found a white marble altar of Elyvilon.
  1063 | D:3      | Identified the +3 scale mail "Nuhejit" {Dex+6}
  1205 | D:3      | Reached XP level 4. HP: 44/44 MP: 3/3
  1215 | D:3      | Reached skill level 3 in Fighting
  1804 | D:4      | Noticed an ogre
  1810 | D:4      | Killed an ogre
  1811 | D:4      | Reached skill level 4 in Unarmed Combat
  1811 | D:4      | Reached XP level 5. HP: 41/53 MP: 4/4
  2082 | D:4      | Noticed a wyvern
  2091 | D:4      | Killed a wyvern
  2092 | D:4      | Reached XP level 6. HP: 38/61 MP: 5/5
  2096 | D:4      | Reached skill level 4 in Shields
  2096 | D:4      | Reached skill level 5 in Unarmed Combat
  2360 | D:5      | Entered Level 5 of the Dungeon
  2459 | D:5      | Noticed Menkaure
  2792 | D:6      | Reached XP level 7. HP: 61/68 MP: 6/6
  2827 | D:6      | Reached skill level 4 in Fighting
  2944 | D:6      | Reached skill level 6 in Unarmed Combat
  2948 | D:6      | HP: 6/70 [scorpion (3)]
  2950 | D:6      | Succumbed to a scorpion's poison

Vanquished Creatures
  A wyvern (D:4)
  A sky beast (D:6)
  2 ogres
  2 jellies (D:6)
  A hound (D:4)
  An orc wizard (D:4)
  7 gnolls
  5 adders
  A dart slug (D:2)
  8 orcs
  8 ball pythons
  5 endoplasms
  2 giant cockroaches
  5 goblins
  5 hobgoblins
  3 jackals (D:1)
  2 quokkas (D:3)
  9 bats
  3 frilled lizards (D:2)
  5 kobolds
  5 rats
81 creatures vanquished.

Vanquished Creatures (others)
  A fungus (D:2)
1 creature vanquished.

Grand Total: 82 creatures vanquished

Table legend: (Time is in decaauts)
 A = Elapsed time spent in this place.
 B = Non-inter-level travel time spent in this place.
 C = Inter-level travel time spent in this place.
 D = Time resting spent in this place.
 E = Time spent auto-exploring this place.
 F = Levels seen in this place.
 G = Mean time per level.
                   A        B        C        D        E       F      G
               +--------+--------+--------+--------+--------+-----+--------+
         Total |   2979 |   2702 |    277 |     48 |   2087 |   6 |  496.5 |
       Dungeon |   2979 |   2702 |    277 |     48 |   2087 |   6 |  496.5 |
               +--------+--------+--------+--------+--------+-----+--------+

Top non-repeatable levels by time:
     D:3: 756 daAuts
     D:4: 706 daAuts
     D:1: 525 daAuts
     D:2: 501 daAuts
     D:6: 318 daAuts
     D:5: 170 daAuts

Table legend:
 A = Non-vault XP
 B = Vault XP
 C = Vault XP percentage of total XP
 D = Non-vault monster count
 E = Vault monster count
 F = Vault count percentage of total count
                 A         B        C        D         E       F
            +---------+---------+-------+---------+---------+-------
      Total |     766 |     264 |  25.6 |      69 |      12 |  14.8
            +---------+---------+-------+---------+---------+-------
        D:1 |      33 |       9 |  21.4 |      19 |       6 |  24.0
        D:2 |      46 |       0 |   0.0 |      14 |       0 |   0.0
        D:3 |      28 |       5 |  15.2 |      13 |       2 |  13.3
        D:4 |     244 |     250 |  50.6 |      14 |       4 |  22.2
        D:5 |      71 |       0 |   0.0 |       5 |       0 |   0.0
        D:6 |     344 |       0 |   0.0 |       4 |       0 |   0.0
            +---------+---------+-------+---------+---------+-------
